 Dungeon Crawl Stone Soup version 0.28-a0-697-g47f3eba078 (webtiles) character file.

Game seed: 16530519528409703017

205 KoroneIsBestGirl the Skirmisher (level 5, -4/28 HPs)
             Began as a Vine Stalker Fighter on Oct 24, 2021.
             Splashed by a jelly's acid (6 damage)
             ... on level 4 of the Dungeon.
             The game lasted 00:03:25 (3142 turns).

KoroneIsBestGirl the Skirmisher (VSFi)              Turns: 3142, Time: 00:03:25

Health: -4/28      AC:  4    Str: 19    XL:     5   Next: 83%
Magic:  0/6        EV:  9    Int:  8    God:
Gold:   94         SH:  5    Dex: 14    Spells: 4/4 levels left

rFire   . . .      SeeInvis +   a - +0 trident
rCold   + . .      Faith    .   c - +0 buckler
rNeg    . . .      Spirit   +   b - +0 scale mail
rPois   .          Reflect  .   (no helmet)
rElec   .          Harm     .   n - +0 cloak
rCorr   .          Rampage  .   (no gloves)
Will    .....                   (no boots)
Stlth   ..........              (no amulet)
HPRegen 1.09/turn               i - ring of see invisible
MPRegen 0.10/turn               j - ring of protection from cold

@: mighty, corroded
A: fangs 2, regeneration 1, magic shield, antimagic bite, no potion heal 2
a: no special abilities


You were on level 4 of the Dungeon.
You visited 1 branch of the dungeon, and saw 4 of its levels.

You collected 94 gold pieces.

Inventory:

Hand Weapons
 a - a +0 trident (weapon)
Armour
 b - a +0 scale mail (worn)
 c - a +0 buckler (worn)
 n - a +0 cloak (worn)
Jewellery
 i - a ring of see invisible (left hand)
 j - a ring of protection from cold (right hand)
 r - an amulet of the acrobat
Scrolls
 l - a scroll of enchant armour {unknown}
 q - a scroll of amnesia {unknown}
Potions
 e - 3 potions of ambrosia {unknown}
 g - a potion of invisibility {unknown}
 h - 2 potions of heal wounds {unknown}
 k - 2 potions of haste {unknown}
 m - 2 potions of curing {unknown}
 o - a potion of cancellation {unknown}
 p - a potion of magic {unknown}


   Skills:
 + Level 3.6 Fighting
 + Level 3.0 Polearms
 + Level 3.3 Armour
 + Level 3.6 Shields


You had 4 spell levels left.
You didn't know any spells.
Your spell library was empty.

Dungeon Overview and Level Annotations

Branches:
Dungeon (4/15)
 Temple: D:4-7

Altars:
Xom

Shops:
D:2 [


Innate Abilities, Weirdness & Mutations

You have extremely sharp teeth.
Your natural rate of healing is unusually fast.
When hurt, damage is shared between your health and your magic reserves.
Your bite disrupts and absorbs the magic of your enemies.
Potions cannot restore your health.


Message History

A gnoll comes into view. It is wielding a +0 spear.
The gnoll shouts!
You hear a shout!
A kobold comes into view. It is wielding a +0 club.
There is a stone staircase leading up here.
The gnoll hits you from afar with a +3 spear.
A jelly comes into view.
The jelly quivers.
A gnoll comes into view. It is wielding a +0 halberd.
You block the gnoll's attack.
You barely miss the gnoll.
The gnoll shouts!
Your bite misses the gnoll. The gnoll hits you but does no damage.
The gnoll hits you with a +3 spear.
You barely miss the gnoll.
The gnoll hits you from afar with a +0 spear.
An adder comes into view.
A gnoll comes into view. It is wielding a +0 spear.
You block the gnoll's attack. The gnoll barely misses you.
The gnoll shouts!
The adder hisses angrily.
You puncture the gnoll! Your bite misses the gnoll.
The gnoll is severely wounded.
You block the gnoll's attack. The gnoll closely misses you.
You hit the gnoll. You bite the gnoll. You drain its power.
You feel invigorated.
The gnoll is severely wounded.
The gnoll misses you.
The gnoll hits you from afar with a +0 spear.
You feel very mighty all of a sudden.
An endoplasm comes into view.
The gnoll hits you with a +3 spear! The jelly hits you. The acid corrodes you!
You are splashed with acid!
* * * LOW HITPOINT WARNING * * *
The gnoll hits you from afar with a +0 spear.
* * * LOW HITPOINT WARNING * * *
As you read the scroll labelled OKOEZX TOAM OSE, it crumbles to dust.
You feel aware of your surroundings.
It was a scroll of magic mapping.
You block the gnoll's attack. The jelly hits you.
* * * LOW HITPOINT WARNING * * *
You are splashed with acid.
You die...

***,,,,,,,,........##....#
*,*
*,,,,,,,,........K..#....#
*,**
*,***,,,.........J.......#
*,,* ,,*
*,,,.....$..$........# **,*
,****,,,.................#
*,*
,,,,,,,,........g........#
*,*
,****,,,..........g......#
*,** **
*,,,........JSg......#***,,**
**,,.....>..@g.........,**,^*
**,,...##.....########,,,,,*
*******####### **,,,,,
**,,,,,, *,,,,,,, *,,,,,,,
*,,,,,,, *,,,,,,, *,,,,,,,


You could see a jelly, 4 gnolls, an adder, an endoplasm and a kobold
(wandering).

Vanquished Creatures
  Crazy Yiuf (D:2)
  Natasha (thrice) (D:2)
  An orc wizard (D:3)
  An adder (D:2)
  2 dart slugs (D:1)
  4 orcs (D:3)
  11 endoplasms
  2 giant cockroaches
  3 goblins
  6 hobgoblins
  4 jackals (D:3)
  2 quokkas
  6 ball pythons
  7 bats
  2 frilled lizards
  7 rats
62 creatures vanquished.

Notes
Turn   | Place    | Note
-------+----------+-------------------------------------------
     0 | D:1      | KoroneIsBestGirl the Vine Stalker Fighter began the quest
                  | for the Orb.
     0 | D:1      | Reached XP level 1. HP: 11/11 MP: 2/2
   191 | D:1      | Reached XP level 2. HP: 14/16 MP: 3/3
   228 | D:1      | Found a faded altar of an unknown god.
   372 | D:1      | Reached XP level 3. HP: 20/20 MP: 4/4
  1026 | D:2      | Found a shimmering altar of Xom.
  1188 | D:2      | Noticed Natasha
  1201 | D:2      | Killed Natasha
  1202 | D:2      | Gained mutation: Your natural rate of healing is unusually
                  | fast. [Vine Stalker growth]
  1202 | D:2      | Reached XP level 4. HP: 2/24 MP: 1/5
  1578 | D:2      | Found a runed translucent door.
  1579 | D:2      | Noticed Crazy Yiuf
  1584 | D:2      | Killed Crazy Yiuf
  1626 | D:2      | Found Voobb's Antique Armour Boutique.
  1732 | D:2      | Noticed Natasha
  1741 | D:2      | Killed Natasha
  1742 | D:2      | Reached XP level 5. HP: 20/28 MP: 2/6
  1973 | D:2      | Noticed Natasha
  1997 | D:2      | Killed Natasha
  3142 | D:4      | Splashed by a jelly's acid

Illustrated notes

Levels and vault maps discovered:
D:1:      heliophobic_arrival_enchanted_forest, layout_basic,
          shapermc_ecumenical_altar_hornbeckon
D:2:      layout_loops_corners, serial_shops, shop, basic_altar, uniq_natasha,
          uniq_crazy_yiuf_cottage
D:3:      layout_loops_ring
D:4:      layout_rooms, minmay_goblin_kobold_house

Skill      XL: |  1  2  3  4  5 |
---------------+----------------+-----
Polearms       | 2 3 |  3.0
Fighting       | 3 |  3.6
Shields        | 3 |  3.6
Armour         | 3 |  3.3

Action                   |  1- 3 |  4- 6 || total
-------------------------+-------+-------++-------
Melee: Trident           |    95 |   102 ||   197
       Bite              |    18 |    18 ||    36
  Use: Potion            |       |     2 ||     2
       Scroll            |       |     1 ||     1
Armor: Scale mail        |    24 |    27 ||    51
Dodge: Dodged            |    25 |    41 ||    66
Block: Buckler           |    19 |    21 ||    40

Table legend: (Time is in decaauts)
 A = Elapsed time spent in this place.
 B = Non-inter-level travel time spent in this place.
 C = Inter-level travel time spent in this place.
 D = Time resting spent in this place.
 E = Time spent auto-exploring this place.
 F = Levels seen in this place.
 G = Mean time per level.
                   A        B        C        D        E       F      G
               +--------+--------+--------+--------+--------+-----+--------+
         Total |   3184 |   3000 |    184 |    573 |   1958 |   4 |  796.0 |
       Dungeon |   3184 |   3000 |    184 |    573 |   1958 |   4 |  796.0 |
               +--------+--------+--------+--------+--------+-----+--------+

Top non-repeatable levels by time:
     D:2: 1764 daAuts
     D:1: 776 daAuts
     D:3: 629 daAuts
     D:4: 14 daAuts
